 Dungeon Crawl Stone Soup version 0.30-a0-269-gf0224bf7b6 (webtiles) character file.

Game seed: 7333070612581483226

10346 Sobieck the Fighter (level 11, -8/94 HPs)
             Began as a Djinni Conjurer on Oct 14, 2022.
             Was an Initiate of Ashenzari.
             Shot with an arrow by a centaur warrior (25 damage)
             ... on level 9 of the Dungeon.
             The game lasted 00:36:18 (11564 turns).

Sobieck the Fighter (Djinni Conjurer)              Turns: 11564, Time: 00:36:18

Health: -8/94      AC: 13    Str:  6    XL:     11   Next: 91%
Gold:   727        EV: 15    Int: 23    God:    Ashenzari [......] SH:  0 Dex: 13

rFire   + + .      SeeInvis .    a - +0 rapier {short}
rCold   x . .      Faith    .    (no shield)
rNeg    + . .      Spirit   .    s - +1 troll leather armour
rPois   ∞          Reflect  .    A - +0 helmet
rElec   .          Harm     .    b - +1 cloak of the Wild Blue Yonder {rN+, Self, Cun} (curse)
rCorr   .          Rampage  .    S - +0 pair of gloves
Will    +....                    (boots unavailable)
Stlth   ++........               (no amulet)
HPRegen 1.15/turn                u - +4 ring of evasion
MPRegen 0.00/turn                J - +4 ring of protection

@: flying, very slightly contaminated, slowed, invisible, very slow
A: sickness immunity, fire resistance 2, cold vulnerability 1, float, innate
caster, HP casting, extra vitality 1
a: Renounce Religion, Shatter the Chains


You were on level 9 of the Dungeon.
You worshipped Ashenzari.
Ashenzari was noncommittal.
You visited 2 branches of the dungeon, and saw 11 of its levels.

You collected 727 gold pieces.


Innate Abilities, Weirdness & Mutations

You are immune to sickness and miasma.
You are immune to poison.
Your flesh is very heat resistant. (rF++)
You are vulnerable to cold. (rC-)
You float through the air rather than walking.
You learn spells naturally, not from books.
Your magical power is your life essence.
You have superior vitality. (+4 MHP)


   Skills:
 + Level 14.4(14.8) Fighting
 - Level 2.1(2.5) Dodging
 - Level 1.5(1.9) Stealth
 + Level 7.9(8.4) Spellcasting
 + Level 4.6 Evocations


You couldn't memorise any spells.
You knew the following spells:

 Your Spells              Type           Power      Damage    Failure   Level
a - Magic Dart            Conj           100%       1d8       1%          1
b - Searing Ray           Conj           96%        2d7       1%          2
c - Dazzling Flash        Conj/Hex       96%        N/A       1%          3
d - Fulminant Prism       Conj/Hex       24%        3d13      3%          4
e - Iskenderun's Mystic   Conj/Tloc      48%        2d11      3%          4
f - Beastly Appendage     Tmut           96%        N/A       1%          1
g - Passwall              Tmut/Erth      40%        N/A       1%          2
h - Static Discharge      Conj/Air       96%        2-6/arc   1%          2
i - Flame Wave            Conj/Fire      48%        2d12      3%          4
j - Summon Mana Viper     Hex/Summ       48%        N/A       9%          5
Your spell library was empty.

Inventory:

Hand Weapons
 a - a +0 rapier (weapon) {short}
   (You found it on level 3 of the Dungeon)
 d - a +2 sling of flaming
   (You took it off an orc on level 9 of the Dungeon)
 j - a +2 mace of venom {mace}
   (You took it off a tengu conjurer on level 9 of the Dungeon)
 x - a +4 short sword of venom {short}
   (You took it off a kobold brigand on level 9 of the Dungeon)
 G - a +2 arbalest of freezing {crossbow}
   (You took it off a centaur on level 9 of the Dungeon)
 U - a +1 trident of venom {polearm}
   (You took it off an orc on level 4 of the Dungeon)
Missiles
 h - 10 boomerangs (quivered) {throwing}
 k - 11 poisoned darts {throwing}
 P - a boomerang of dispersal {=f!fthrowing}
Armour
 b - the cursed +1 cloak of the Wild Blue Yonder (worn) {rN+, Self, Cun}
   (You acquired it on level 6 of the Dungeon)

   rN:        It protects you from negative energy.
   It has a curse which improves the following skills: Introspection: Fighting
   and Spellcasting.
   Cunning:   Dodging and Stealth.
 l - a +0 robe
 s - a +1 troll leather armour (worn)
   (You found it on level 9 of the Dungeon)
 y - a +0 leather armour
   (You found it on level 3 of the Dungeon)
 z - a +0 kite shield of protection
   (You found it on level 7 of the Dungeon)
 A - a +0 helmet (worn)
   (You found it on level 6 of the Dungeon)
 C - a +0 chain mail
   (You took it off an orc on level 5 of the Dungeon)
 D - a +0 scale mail
   (You took it off Terence on level 3 of the Dungeon)
 F - a +0 ring mail
   (You found it on level 3 of the Dungeon)
 H - a +0 robe
   (You found it on level 3 of the Dungeon)
 I - a +0 scale mail
   (You took it off an orc on level 3 of the Dungeon)
 K - a +0 leather armour
   (You found it on level 4 of the Dungeon)
 L - a +1 ring mail of cold resistance
   (You found it on level 4 of the Dungeon)
 N - a +0 robe
   (You took it off an orc wizard on level 4 of the Dungeon)
 O - a +0 chain mail
   (You took it off an orc on level 4 of the Dungeon)
 R - a +0 ring mail
   (You took it off an orc on level 5 of the Dungeon)
 S - a +0 pair of gloves (worn)
   (You found it on level 4 of the Dungeon)
 T - a +0 robe
   (You took it off an orc wizard on level 4 of the Dungeon)
 V - a +0 scale mail
   (You took it off an orc on level 4 of the Dungeon)
 X - a +0 robe
   (You found it on level 5 of the Dungeon)
 Y - a +0 robe
   (You took it off Blork the orc on level 4 of the Dungeon)
 Z - a +0 leather armour
   (You found it on level 5 of the Dungeon)
Magical Staves
 B - a staff of air {!astaff}
   (You found it on level 6 of the Dungeon)
Jewellery
 n - a ring of fire
   (You took it off a centaur on level 7 of the Dungeon)
 u - a +4 ring of evasion (left hand)
   (You found it on level 3 of the Dungeon)
 J - a +4 ring of protection (right hand)
   (You found it on level 4 of the Dungeon)
Wands
 c - a wand of light (7)
   (You found it on level 6 of the Dungeon)
Scrolls
 f - 4 scrolls of teleportation {@r4}
 g - a scroll of butterflies
 i - 2 scrolls of immolation {!r!r}
 p - a scroll of magic mapping {!r}
 r - a scroll of vulnerability {!r!r}
 v - 2 scrolls of fear
 w - a scroll of enchant weapon
Potions
 e - 2 potions of ambrosia
 m - 7 potions of curing {@q1}
 o - 2 potions of brilliance
 q - 2 potions of might
 t - 2 potions of heal wounds {@q2}
 E - 2 potions of attraction {!q}
 M - a potion of invisibility
 Q - 3 potions of lignification {!q}
 W - a potion of resistance

Dungeon Overview and Level Annotations

Branches:
Dungeon (10/15) Zot: 24976  Temple (1/1) D:7 Zot: 5900
   Lair: D:8-11         Orc: D:9-12

Altars:
Ashenzari
Dithmenos
Elyvilon
Fedhas
Hepliaklqana
Nemelex Xobeh
Okawaru
Qazlal
Ru
Trog
Xom
Yredelemnul
The Shining One

Annotations:
D:4 exclusion: quasit
D:8 exclusions: broodmother and tengu warrior

#####)#####....#######
#.####..##.##
#..†.#.###..####
#.)#..Y...c....## #
#.).##.#####.#..####
#...##.# ##........
###)÷#.# ##....#...# #
#)÷..###..##......
#.####@.......########.
#.....)......## #..
#............# ## #.#
#.....S...[..# #......#
#.........).c#...#### #
#.................. .
#..####.#.#........ ..
#.. #.#.#(###'### #.
#.#...# .#


You could see a centaur warrior (ally target) and a friendly mana viper
(summoned).


Message History

Danger!
The centaur unwields a +0 club.
The centaur wields a +0 shortbow.
The centaur shoots an arrow.
The arrow hits you but does no damage.
You see here a howler monkey skeleton.
Danger!
Casting: Fulminant Prism (dangerous; 3% risk of failure)
Confirm with . or Enter, or press ? or * to list all spells.
Aiming: Fulminant Prism (dangerous; 3% risk of failure)
Press: ? - help, Dir - move target You conjure a prism of explosive energy!
A fulminant prism comes into view.
The catoblepas breathes a plume of calcifying dust at you.
The blast of calcifying dust hits your fulminant prism.
The blast of calcifying dust hits you.
The centaur shoots an arrow.
The arrow completely misses you.
The centaur shoots an arrow.
The arrow completely misses you.
Your fulminant prism crackles loudly.
Unknown command.
Casting: Fulminant Prism (dangerous; 3% risk of failure)
Confirm with . or Enter, or press ? or * to list all spells.
Aiming: Fulminant Prism (dangerous; 3% risk of failure)
Press: ? - help, Dir - move target You conjure a prism of explosive energy!
A fulminant prism comes into view.
The centaur shoots an arrow.
The arrow hits you but does no damage.
You hear a bellow! x2
Unknown command.
The centaur shoots an arrow.
The arrow hits you!
Your fulminant prism crackles loudly.
Unknown command.
Unknown command.
The centaur shoots an arrow.
The arrow hits your fulminant prism!
The catoblepas breathes a plume of calcifying dust at you.
The blast of calcifying dust hits the centaur!
The blast of calcifying dust hits your fulminant prism.
The blast of calcifying dust hits you but does no damage.
The centaur is engulfed in calcifying dust.
The centaur stops moving altogether!
Casting: Fulminant Prism (dangerous; 3% risk of failure)
Confirm with . or Enter, or press ? or * to list all spells.
Aiming: Fulminant Prism (dangerous; 3% risk of failure)
Press: ? - help, Dir - move target You conjure a prism of explosive energy!
A fulminant prism comes into view.
The centaur is engulfed in calcifying dust.
Unknown command.
The centaur is engulfed in calcifying dust. x2
Your fulminant prism crackles loudly.
Unknown command.
The centaur is engulfed in calcifying dust.
The catoblepas gores your fulminant prism.
The blast of energy engulfs the catoblepas!
You kill the catoblepas!
The blast of energy engulfs the centaur!!
You kill the centaur!
You hear two shouts!
You hear a shout!
Unknown command.
Unknown command.
Your pack is full.
Things that are here:
a +0 vorpal hand axe {axe}; 5 curare-tipped darts {=fthrowing}; a +0 ring mail
Things that are here:
a +0 mace {mace}; a +0 short sword {short} Danger!
Casting: Fulminant Prism (dangerous; 3% risk of failure)
Confirm with . or Enter, or press ? or * to list all spells.
Aiming: Fulminant Prism (dangerous; 3% risk of failure)
Press: ? - help, Dir - move target You conjure a prism of explosive energy!
A fulminant prism comes into view.
Unknown command.
Casting: Fulminant Prism (dangerous; 3% risk of failure)
Confirm with . or Enter, or press ? or * to list all spells.
You miscast Summon Mana Viper.
You are very lightly contaminated with residual magic.
Magic surges out from your body.
You feel yourself slow down.
The centaur warrior unwields a +0 quarterstaff.
The centaur warrior wields a +0 shortbow.
The centaur warrior shoots an arrow.
The arrow hits you!!
The centaur warrior shoots an arrow.
The arrow hits you!
* * * LOW HITPOINT WARNING * * *
Your fulminant prism crackles loudly.
Casting: Summon Mana Viper (dangerous; 9% risk of failure)
Confirm with . or Enter, or press ? or * to list all spells.
A mana viper appears with a sibilant hiss.
* * * LOW HITPOINT WARNING * * *
The centaur warrior shoots an arrow.
The arrow hits you.
* * * LOW HITPOINT WARNING * * *
The centaur warrior shoots an arrow.
The arrow hits you!
* * * LOW HITPOINT WARNING * * *
The blast of energy engulfs the centaur warrior!!
You hear a bellow! x4; You hear a shout!
Unknown command.
Okay, then.
Unknown command.
You fade into invisibility!
The centaur warrior shoots an arrow.
The arrow barely misses you.
The centaur warrior shoots an arrow.
The arrow hits you!!
You die...

Skill      XL: |  1  2  3  4  5  6  7  8  9 10 11 |
---------------+----------------------------------+-----
Fighting       | 1 2 3 4 5 7 11 13 14 | 14.4
Spellcasting   | 4 5 6 7 |  7.9
Evocations     | 4 |  4.6
Dodging        | |  2.1
Stealth        | |  1.5

Action                   |  1- 3 |  4- 6 |  7- 9 | 10-12 || total
-------------------------+-------+-------+-------+-------++-------
Melee: Short sword       |     1 |       |       |       ||     1
       Rapier            |       |     3 |     1 |    15 ||    19
Throw: Dart              |       |       |       |    21 ||    21
 Cast: Magic Dart        |    66 |   122 |    52 |       ||   240
       Searing Ray       |     7 |    18 |    17 |     8 ||    50
       Static Discharge  |       |       |    16 |     6 ||    22
       Fulminant Prism   |       |       |    45 |    67 ||   112
       Passwall          |       |       |     2 |       ||     2
       Flame Wave        |       |       |     5 |       ||     5
       Iskenderun's Myst |       |       |     3 |    12 ||    15
       Summon Mana Viper |       |       |       |    12 ||    12
Invok: Curse Item        |       |       |       |     1 ||     1
  Use: Scroll            |       |       |    20 |     8 ||    28
       Potion            |       |       |       |     2 ||     2
Armor: Robe              |     4 |     8 |     8 |    11 ||    31
       Troll leather arm |       |       |       |     8 ||     8
Dodge: Dodged            |    12 |    27 |    45 |    51 ||   135

Levels and vault maps discovered:
D:1:      kilobyte_arrival_exit_the_forest, layout_basic, minmay_tromino_mix6
D:2:      minmay_diamond_boxcup, layout_loops_ring, st_stairs_10,
          minmay_surrounded
D:3:      layout_basic, hellmonk_ecumenical_altar_watching_god, uniq_terence
D:4:      cheibrodos_quashed, layout_basic
D:5:      layout_basic, uniq_blork_the_orc
D:6:      layout_basic, hangedman_abyss_or_decor_stabs
D:7:      layout_layer_cave, nicolae_vehumet_altar_sigil,
          minmay_temple_entry_overgrown
D:8:      minmay_blocky_corners, layout_basic
D:9:      minmay_the_grid_square_5x5_4x4
          [minmay_the_grid_square_5x5_beaten_path,
          minmay_the_grid_square_5x5_inset, minmay_the_grid_square_5x5_plus,
          minmay_the_grid_square_5x5_broken_cross,
          minmay_the_grid_square_5x5_inner_z,
          minmay_the_grid_square_5x5_prize_pseudospiral,
          minmay_the_grid_square_5x5_prize_waves,
          minmay_the_grid_square_5x5_bracketed, minmay_the_grid_square_5x5_six,
          minmay_the_grid_square_5x5_prize_itemx,
          minmay_the_grid_square_5x5_prize_junk,
          minmay_the_grid_square_5x5_mess, minmay_the_grid_square_5x5_minimal,
          minmay_the_grid_square_5x5_gyroscope, minmay_the_grid_square_5x5_two,
          minmay_the_grid_square_5x5_sharp_hourglass], layout_rooms
D:10:     layout_grid_maze
Temple:   mainiacjoe_temple_circle_huts

Notes
Turn   | Place    | Note
-------+----------+-------------------------------------------
     0 | D:1      | Sobieck the Djinni Conjurer began the quest for the Orb.
     0 | D:1      | Sobieck set off with the following spells memorised: Magic
                  | Dart, Searing Ray, Dazzling Flash, Fulminant Prism,
                  | Iskenderun's Mystic Blast.
     0 | D:1      | Reached XP level 1. HP: 15/15 MP: 0/0
   267 | D:1      | Reached skill level 1 in Fighting
   267 | D:1      | Reached XP level 2. HP: 21/22 MP: 0/0
   803 | D:1      | Reached XP level 3. HP: 24/27 MP: 0/0
   803 | D:1      | Learned a level 1 spell: Beastly Appendage
  1345 | D:2      | Reached skill level 2 in Fighting
  1494 | D:2      | Reached XP level 4. HP: 22/33 MP: 0/0
  2040 | D:2      | Reached skill level 4 in Spellcasting
  2400 | D:3      | Reached XP level 5. HP: 34/39 MP: 0/0
  2400 | D:3      | Learned a level 2 spell: Passwall
  2673 | D:3      | Reached skill level 3 in Fighting
  3006 | D:3      | Noticed Terence
  3014 | D:3      | Killed Terence
  3164 | D:3      | Noticed an eye of devastation
  3169 | D:3      | Noticed a golden eye
  3173 | D:3      | Found a faded altar of an unknown god.
  3175 | D:3      | Noticed a golden eye
  3175 | D:3      | Noticed a great orb of eyes
  3646 | D:4      | Reached XP level 6. HP: 42/46 MP: 0/0
  3794 | D:4      | Noticed an ogre
  3804 | D:4      | Killed an ogre
  3805 | D:4      | Reached skill level 4 in Fighting
  3967 | D:4      | You are sucked into a shaft and drop 2 floors!
  4059 | D:6      | Noticed an ice beast
  4116 | D:6      | Noticed a steam dragon
  4223 | D:6      | Reached skill level 5 in Spellcasting
  4223 | D:6      | Reached XP level 7. HP: 48/53 MP: 0/0
  4223 | D:6      | Learned a level 2 spell: Static Discharge
  4262 | D:5      | Entered Level 5 of the Dungeon
  4280 | D:5      | Reached skill level 5 in Fighting
  4367 | D:5      | Noticed a steam dragon
  4406 | D:5      | Killed a steam dragon
  4469 | D:6      | Reached XP level 8. HP: 40/60 MP: 0/0
  5216 | D:5      | Noticed Blork the orc
  5265 | D:4      | Reached skill level 6 in Fighting
  5266 | D:4      | Killed Blork the orc
  5657 | D:5      | Reached skill level 6 in Spellcasting
  6424 | D:6      | Identified a scroll of acquirement
  6425 | D:6      | Acquired the +1 cloak of the Past {rN+}
  6627 | D:6      | Reached skill level 7 in Fighting
  6764 | D:6      | Reached XP level 9. HP: 62/68 MP: 0/0
  6764 | D:6      | Learned a level 4 spell: Flame Wave
  6986 | D:7      | Reached skill level 7 in Spellcasting
  7088 | D:7      | Reached skill level 8 in Fighting
  7366 | D:6      | Reached skill level 9 in Fighting
  7866 | D:7      | Found a staircase to the Ecumenical Temple.
  7880 | Temple   | Entered the Ecumenical Temple
  7967 | Temple   | Became a worshipper of Ashenzari the Shackled
  8306 | D:8      | Identified the +1 robe "Vusoon" {rElec Will++}
  8306 | D:8      | Noticed a tengu warrior
  8306 | D:8      | Noticed a cyclops
  8307 | D:8      | Noticed a sea snake
  8457 | D:8      | HP: 15/72 [tengu warrior/sling bullet (19)]
  8748 | D:8      | Noticed a two-headed ogre
  8881 | D:8      | Reached skill level 10 in Fighting
  8987 | D:8      | Killed a two-headed ogre
  8988 | D:8      | Reached skill level 11 in Fighting
  8988 | D:8      | Reached XP level 10. HP: 64/82 MP: 0/0
  9289 | D:8      | Killed a cyclops
  9290 | D:8      | Reached skill level 12 in Fighting
  9506 | D:8      | Noticed a broodmother
  9549 | D:10     | Entered Level 10 of the Dungeon
 10005 | D:9      | Noticed a freezing wraith
 10019 | D:9      | Killed a freezing wraith
 10026 | D:9      | Reached skill level 13 in Fighting
 10295 | D:8      | HP: 15/86 [broodmother (shapeshifter) (34)]
 10297 | D:8      | Noticed an orb spider
 10300 | D:8      | HP: 11/86 [jumping spider[a broodmother] (5)]
 10628 | D:9      | Noticed a red ugly thing
 10629 | D:9      | Reached XP level 11. HP: 49/93 MP: 0/0
 10629 | D:9      | Learned a level 5 spell: Summon Mana Viper
 10634 | D:9      | Killed a red ugly thing
 10643 | D:9      | Noticed a centaur warrior
 10648 | D:9      | Noticed a two-headed ogre
 10865 | D:9      | Noticed a boulder beetle
 10896 | D:9      | Killed a boulder beetle
 10897 | D:9      | Reached skill level 1 in Evocations
 10966 | D:9      | Noticed a deep elf pyromancer
 10967 | D:9      | Reached skill level 2 in Evocations
 10983 | D:9      | Killed a deep elf pyromancer
 10991 | D:9      | Noticed a boulder beetle
 11010 | D:9      | HP: 22/94 [boulder beetle (8)]
 11013 | D:9      | Killed a boulder beetle
 11014 | D:9      | Reached skill level 14 in Fighting
 11014 | D:9      | Reached skill level 3 in Evocations
 11253 | D:9      | Noticed a boulder beetle
 11261 | D:9      | Killed a boulder beetle
 11265 | D:9      | Noticed a two-headed ogre
 11273 | D:9      | Killed a two-headed ogre
 11277 | D:9      | Noticed a manticore
 11295 | D:9      | Killed a manticore
 11296 | D:9      | Reached skill level 4 in Evocations
 11521 | D:9      | Noticed a catoblepas
 11557 | D:9      | Killed a catoblepas
 11563 | D:9      | HP: 16/94 [centaur warrior/arrow (12)]
 11564 | D:9      | Shot with an arrow by a centaur warrior

Vanquished Creatures
  A catoblepas (D:9)
  2 two-headed ogres
  A boulder beetle (D:9)
  A cyclops (D:8)
  An ugly thing (D:9)
  A freezing wraith (D:9)
  A troll (D:9)
  A hornet (D:9)
  2 wyverns
  4 steam dragons
  2 yaks (D:9)
  2 acid dragons (D:9)
  4 water moccasins
  An ice beast (D:6)
  A sky beast (D:6)
  A black bear (D:8)
  4 centaurs
  2 ogres
  3 kobold brigands
  Blork the orc (D:4)
  A bullfrog (D:9)
  5 scorpions
  A wight (D:9)
  3 killer bees (D:9)
  4 howler monkeys
  3 hounds
  3 orc priests
  2 jellies
  A gnoll bouda (D:9)
  4 iguanas
  Terence (D:3)
  5 orc wizards
  9 adders
  A shadow imp (D:7)
  2 white imps (D:6)
  3 worms
  9 dart slugs
  28 orcs
  4 ball pythons
  13 endoplasms
  4 giant cockroaches
  7 goblins
  9 hobgoblins
  3 jackals
  16 kobolds
  3 quokkas
  6 bats
  5 frilled lizards
  4 rats
195 creatures vanquished.

Vanquished Creatures (collateral kills)
  2 boulder beetles (D:9)
  A deep elf pyromancer (D:9)
  A manticore (D:9)
  A tengu conjurer (D:9)
  A centaur (D:9)
  A kobold brigand (D:9)
  A howler monkey (D:9)
  An orc wizard (D:9)
9 creatures vanquished.

Vanquished Creatures (others)
  112 fulminant prisms
112 creatures vanquished.

Grand Total: 316 creatures vanquished

Table legend:
 A = Non-vault XP
 B = Vault XP
 C = Vault XP percentage of total XP
 D = Non-vault monster count
 E = Vault monster count
 F = Vault count percentage of total count
                 A         B        C        D         E       F
            +---------+---------+-------+---------+---------+-------
      Total |    6062 |    8719 |  59.0 |     157 |      47 |  23.0
            +---------+---------+-------+---------+---------+-------
        D:1 |      24 |      18 |  42.9 |      14 |       7 |  33.3
        D:2 |      57 |      34 |  37.4 |      22 |      15 |  40.5
        D:3 |      64 |      36 |  36.0 |      19 |       1 |   5.0
        D:4 |     325 |      94 |  22.4 |      20 |       1 |   4.8
        D:5 |     730 |       0 |   0.0 |      18 |       0 |   0.0
        D:6 |     961 |       0 |   0.0 |      13 |       0 |   0.0
        D:7 |     735 |       0 |   0.0 |      15 |       0 |   0.0
        D:8 |    2051 |     550 |  21.1 |      19 |       1 |   5.0
        D:9 |    1115 |    7987 |  87.7 |      17 |      22 |  56.4
            +---------+---------+-------+---------+---------+-------

Illustrated notes

Table legend:
 A = Kills in this place as a percentage of kills in entire the game.
 B = Kills by you in this place as a percentage of kills by you in the entire game.
 C = Kills by friends in this place as a percentage of kills by friends in the entire game.
 D = Other kills in this place as a percentage of other kills in the entire game.
 E = Experience gained in this place as a percentage of experience gained in the entire game.
 F = Experience gained in this place divided by the number of levels of this place that you have seen.
                   A       B       C       D       E      F
               +-------+-------+-------+-------+-------+----------------------
         Total | 100.0 | 100.0 | 100.0 |   N/A | 100.0 | 1343.7
       Dungeon | 100.0 | 100.0 | 100.0 |   N/A | 100.0 | 1478.1
               +-------+-------+-------+-------+-------+----------------------

Table legend: (Time is in decaauts)
 A = Elapsed time spent in this place.
 B = Non-inter-level travel time spent in this place.
 C = Inter-level travel time spent in this place.
 D = Time resting spent in this place.
 E = Time spent auto-exploring this place.
 F = Levels seen in this place.
 G = Mean time per level.
                   A        B        C        D        E       F      G
               +--------+--------+--------+--------+--------+-----+--------+
         Total |  11588 |  10949 |    639 |   3283 |   5493 |  11 | 1053.5 |
       Dungeon |  11488 |  10861 |    627 |   3283 |   5423 |  10 | 1148.8 |
        Temple |     99 |     87 |     12 |      0 |     70 |   1 |   99.0 |
               +--------+--------+--------+--------+--------+-----+--------+

Top non-repeatable levels by time:
     D:9: 1718 daAuts
     D:7: 1700 daAuts
     D:4: 1520 daAuts
     D:6: 1343 daAuts
     D:1: 1242 daAuts
     D:2: 1240 daAuts
     D:3: 935 daAuts
     D:5: 919 daAuts
     D:8: 854 daAuts
  Temple: 99 daAuts
    D:10: 13 daAuts
